 Dungeon Crawl Stone Soup version 0.32-a0-933-ga8fa3634e4 (webtiles) character file.

Game seed: 17381755794148658301

718 Biggs the Grappler (level 7, -1/66 HPs)
             Began as a Troll Fighter on Apr 15, 2024.
             Was an Initiate of Wu Jian.
             Engulfed by a cloud of poison gas (11 damage)
             ... on level 7 of the Dungeon.
             The game lasted 00:07:51 (1371 turns).

Biggs the Grappler (Troll Fighter)                  Turns: 1371, Time: 00:07:52

Health: -1/66      AC:  6    Str: 27    XL:     7   Next: 42%
Magic:  6/6        EV:  8    Int:  4    God:    Wu Jian [......]
Gold:   138        SH:  7    Dex:  9    Spells: 6/6 levels left

rFire   . .          .
                       - Unarmed
rCold   . . .        b - +0 kite shield
rNeg    . . .        a - +0 robe
rPois   .            (helmet restricted)
rElec   .            q - +1 cloak
rCorr   .            (gloves unavailable)
SInv    .            (boots unavailable)
Will    .....        (no amulet)
Stlth   +            (no ring)
HPRegen 1.11/turn    (no ring)
MPRegen 0.10/turn

%: no passive effects
@: lethally poisoned (-1 -> -11), weak-willed, slowed, very slow
A: large, unfitting armour, claws 3, regeneration 1, shaggy fur 1, tough skin 1
a: Renounce Religion


You were on level 7 of the Dungeon.
You worshipped Wu Jian.
Wu Jian was noncommittal.
You visited 2 branches of the dungeon, and saw 8 of its levels.

You collected 138 gold pieces.

Inventory:

Armour
 a - a +0 robe (worn)
 b - a +0 kite shield (worn)
 q - a +1 cloak (worn)
Wands
 p - a wand of flame (1)
Scrolls
 i - a scroll of poison
 k - 3 scrolls of identify
 r - 3 scrolls of noise
Potions
 c - a potion of might
 e - a potion of mutation {unknown}
 f - 2 potions of brilliance {unknown}
 g - a potion of berserk rage {unknown}
 h - a potion of invisibility {unknown}
 l - a potion of haste {unknown}
 n - 2 potions of attraction {unknown}
 o - a potion of enlightenment {unknown}


   Skills:
 - Level 2.4 Fighting
 - Level 2.4 Dodging
 - Level 2.6 Shields
 + Level 8.5 Unarmed Combat


You had 6 spell levels left.
You didn't know any spells.
Your spell library contained the following spells:

 Spells                   Type           Power      Damage    Failure   Level
 Apportation              Tloc           0%         N/A       75%         1
 Necrotise                Necr           0%         1d4       75%         1
 Sting                    Conj/Alch      0%         1d3       75%         1
 Summon Small Mammal      Summ           0%         N/A       75%         1


Dungeon Overview and Level Annotations

Branches:
Dungeon (7/15)             Temple (1/1) D:5

Altars:
Cheibriados
Elyvilon
Fedhas
Makhleb
Nemelex Xobeh
Qazlal
Trog
Uskayaw
Vehumet
Wu Jian
Xom
Zin
The Shining One

Shops:
D:3 *   D:5 (


Innate Abilities, Weirdness & Mutations

You are too large for most types of armour.
You have claws for hands.
Your natural rate of healing is unusually fast.
You are covered in fur. (AC +1)
You have tough skin. (AC +1)


Message History

Okay, then.
Okay, then.
You feel better. The wraith barely misses you.
The orc hits you but does no damage. The gnoll hits you but does no damage.
The wraith hits you.
* * * LOW HITPOINT WARNING * * *
The wraith drains your vigour!
You feel as though you will be slow longer.
Unknown command.
You feel better. The orc hits you but does no damage.
The gnoll barely misses you. The wraith hits you but does no damage.
The orc hits you but does no damage.
The gnoll hits you from afar with a +0 spear.
* * * LOW HITPOINT WARNING * * *
Unknown command.
Unknown command.
As you read the scroll labelled YJET BESHRELAE, it crumbles to dust.
The creatures around you are filled with an inner flame!
It was a scroll of immolation.
The wraith hits you but does no damage. You block the orc's attack.
The gnoll hits you from afar with a +0 spear.
* * * LOW HITPOINT WARNING * * *
The wraith hits you.
* * * LOW HITPOINT WARNING * * *
The wraith drains your vigour!
You feel as though you will be slow longer.
Unknown command.
As you read the scroll labelled OTOEXAQYUT, it crumbles to dust.
A wave of despondency washes over your surroundings.
It was a scroll of vulnerability.
The orc hits you but does no damage. You block the gnoll's attack.
The wraith hits you but does no damage. The orc closely misses you.
The gnoll barely misses you.
Unknown command.
Unknown command.
Unknown command.
Okay, then.
Okay, then.
You are engulfed in poison gas.
You are lethally poisoned!
You die...

#○☼.§§§#
#°§°§☼#
#§§°§○#
###~☼○○☼#
~~~~.§°g#
#......go#
########W#
#.# #@#
#.# #☼#
#§# #°#
#°# #°#
..#


You could see a wraith (inner flame, weak-willed), 2 gnolls and an orc (inner
flame, weak-willed).

Vanquished Creatures
  2 ogres (D:5)
  A bullfrog (D:6)
  3 scorpions
  A crimson imp (D:5)
  A hound (D:4)
  A jelly (D:5)
  An orc priest (D:5)
  3 sleepcaps (D:5)
  2 orc wizards
  2 ufetubi (D:5)
  11 orcs
  2 bats
  3 endoplasms
  2 giant cockroaches
  6 goblins
  A hobgoblin (D:3)
  3 jackals (D:3)
  2 quokkas
  3 ball pythons
  A frilled lizard (D:3)
  5 kobolds
  3 rats (D:2)
59 creatures vanquished.

Notes
Turn   | Place    | Note
-------+----------+-------------------------------------------
     0 | D:1      | Biggs the Troll Fighter began the quest for the Orb.
     0 | D:1      | Reached XP level 1. HP: 22/22 MP: 0/0
   106 | D:1      | Reached XP level 2. HP: 29/29 MP: 1/1
   155 | D:2      | Reached skill level 3 in Unarmed Combat
   227 | D:3      | Found Plog's Assorted Antiques.
   335 | D:3      | Reached XP level 3. HP: 36/36 MP: 2/2
   522 | D:4      | Found a white marble altar of Elyvilon.
   599 | D:4      | Reached skill level 4 in Unarmed Combat
   637 | D:4      | Noticed a scorpion
   650 | D:4      | Killed a scorpion
   651 | D:4      | Reached skill level 5 in Unarmed Combat
   651 | D:4      | Reached XP level 4. HP: 19/44 MP: 3/3
   711 | D:5      | Entered Level 5 of the Dungeon
   758 | D:5      | Found a blossoming altar of Fedhas.
   775 | D:5      | Reached XP level 5. HP: 49/50 MP: 4/4
   826 | D:5      | Reached skill level 6 in Unarmed Combat
   860 | D:5      | Found Zeretta's Antique Weapon Shop.
   891 | D:5      | Found a radiant altar of Vehumet.
   891 | D:5      | Found a burning altar of Makhleb.
   891 | D:5      | Noticed an ogre
   899 | D:5      | Reached XP level 6. HP: 59/59 MP: 5/5
   906 | D:5      | Reached skill level 7 in Unarmed Combat
   959 | D:5      | Reached XP level 7. HP: 53/66 MP: 6/6
  1059 | D:5      | Found a staircase to the Ecumenical Temple.
  1068 | Temple   | Entered the Ecumenical Temple
  1076 | Temple   | Became a worshipper of the Wu Jian Council
  1144 | D:6      | Reached skill level 8 in Unarmed Combat
  1259 | D:6      | Found a stormy altar of Qazlal.
  1355 | D:7      | Noticed a wraith
  1365 | D:7      | HP: 1/66 [wraith (10)]
  1371 | D:7      | Engulfed by a cloud of poison gas

Illustrated notes

Levels and vault maps discovered:
D:1:      dpeg_arrival_prison, layout_basic
D:2:      layout_loops_ring, st_stairs_13
D:3:      layout_basic, serial_shops, nicolae_shop_dealshenge,
          portal_sewer_entry_f, st_stairs_5
D:4:      layout_gridville, elyvilon_altar_3, chequers_serial_rivers_micro_e
D:5:      layout_basic, grunt_temple_overflow_lords_of_destruction,
          mainiacjoe_overflow_paths, minmay_temple_entry_antechambers,
          serial_shops, nicolae_shop_crystal, shop, minmay_misc_feat_columns,
          uniq_crazy_yiuf_cottage
D:6:      layout_loops_corners, kennysheep_orc_sif_temple, minitemple,
          uniq_duvessa
D:7:      layout_rooms, nicolae_yredelemnul_corpse_copse,
          lightli_bailey_entry_fortress
Temple:   nicolae_temple_two_arcs

Skill      XL: |  1  2  3  4  5  6  7 |
---------------+----------------------+-----
Unarmed Combat | 3 5 6 7 8 |  8.5
Fighting       | |  2.4
Dodging        | |  2.4
Shields        | |  2.6

Action                     |  1- 3 |  4- 6 |  7- 9 || total
---------------------------+-------+-------+-------++-------
  Melee: Unarmed           |    88 |    60 |    28 ||   176
    Use: Scroll            |       |       |     4 ||     4
         Potion            |       |       |     3 ||     3
 Armour: Robe              |    46 |    30 |    51 ||   127
  Dodge: Dodged            |    26 |    15 |    25 ||    66
  Block: Kite shield       |    31 |    12 |    24 ||    67

Table legend: (Time is in decaauts)
 A = Elapsed time spent in this place.
 B = Non-inter-level travel time spent in this place.
 C = Inter-level travel time spent in this place.
 D = Time resting spent in this place.
 E = Time spent auto-exploring this place.
 F = Levels seen in this place.
 G = Mean time per level.
                   A        B        C        D        E       F      G
               +--------+--------+--------+--------+--------+-----+--------+
         Total |   1379 |   1333 |     46 |      0 |      0 |   8 |  172.4 |
       Dungeon |   1362 |   1323 |     39 |      0 |      0 |   7 |  194.6 |
        Temple |     16 |      9 |      7 |      0 |      0 |   1 |   16.0 |
               +--------+--------+--------+--------+--------+-----+--------+

Top non-repeatable levels by time:
     D:5: 398 daAuts
     D:3: 281 daAuts
     D:4: 226 daAuts
     D:6: 212 daAuts
     D:1: 111 daAuts
     D:2: 95 daAuts
     D:7: 36 daAuts
  Temple: 16 daAuts
